 Dungeon Crawl Stone Soup version 0.30-a0-719-gcc4359ea44 (webtiles) character file.

Game seed: 14160502592984310809

16445 Darius099 the Brawler (level 12, 0/119 HPs)
             Began as a Troll Monk on Jan 26, 2023.
             Slain by a komodo dragon (27 damage)
             ... on level 1 of the Lair of Beasts.
             The game lasted 00:20:31 (9412 turns).

Darius099 the Brawler (Troll Monk)                  Turns: 9412, Time: 00:20:31

Health: 0/119      AC:  9    Str: 22    XL:     12   Next: 10%
Magic:  11/11      EV: 13    Int:  6    God:
Gold:   568        SH:  0    Dex: 16    Spells: 11/11 levels left

rFire   . . .      SeeInvis .      - Unarmed
rCold   . . .      Faith    .    (no shield)
rNeg    . . .      Spirit   .    C - +1 robe {Will+}
rPois   .          Reflect  .    (helmet restricted)
rElec   .          Harm     .    (no cloak)
rCorr   .          Rampage  .    (gloves unavailable)
Will    ++...                    (boots unavailable)
Stlth   ++                       (no amulet)
HPRegen 1.19/turn                f - ring of willpower
MPRegen 0.12/turn                n - +4 ring of protection

@: hasted and slowed
A: large, unfitting armour, claws 3, regeneration 1, shaggy fur 1, tough skin 1
a: no special abilities


You were on level 1 of the Lair of Beasts.
You visited 3 branches of the dungeon, and saw 14 of its levels.

You collected 568 gold pieces.

Inventory:

Hand Weapons
 A - a +4 scimitar of flaming
Armour
 B - a +2 robe of positive energy
 C - a +1 robe of willpower (worn)
 H - +0 acid dragon scales
Jewellery
 a - a ring of protection from fire
 f - a ring of willpower (left claw)
 n - a +4 ring of protection (right claw)
Wands
 p - a wand of roots (21)
 t - a wand of polymorph (7)
 z - a wand of light (11)
Scrolls
 d - 3 scrolls of blinking
 g - 3 scrolls of teleportation
 j - 3 scrolls of fog
 k - 3 scrolls of immolation
 l - a scroll of brand weapon
 m - 2 scrolls of enchant weapon
 q - 2 scrolls of poison
 s - a scroll of vulnerability {unknown}
 u - 3 scrolls of fear
 y - a scroll of magic mapping {unknown}
 F - a scroll of identify
 G - a scroll of noise {unknown}
Potions
 b - 2 potions of ambrosia
 c - 2 potions of degeneration
 e - a potion of might
 h - 4 potions of curing
 i - 4 potions of invisibility
 o - 2 potions of haste
 r - 3 potions of mutation
 v - 2 potions of heal wounds
 w - a potion of cancellation
 x - a potion of resistance {unknown}
 D - a potion of magic
 E - 3 potions of brilliance


   Skills:
 + Level 7.8 Fighting
 + Level 7.8 Dodging
 - Level 1.0 Stealth
 - Level 15.7 Unarmed Combat


You had 11 spell levels left.
You didn't know any spells.
Your spell library contained the following spells:

 Spells                   Type           Power      Damage    Failure   Level
 Freeze                   Ice            0%         1d3       45%         1
 Kiss of Death            Conj/Necr      0%         2d5       45%         1
 Confusing Touch          Hex            0%         N/A       83%         3
 Frozen Ramparts          Ice            0%         1d1       83%         3
 Hailstorm                Conj/Ice       0%         3d3       83%         3
 Portal Projectile        Hex/Tloc       0%         N/A       83%         3
 Tukima's Dance           Hex            0%         N/A       83%         3
 Dispel Undead            Necr           0%         3d6       99%         4
 Blade Hands              Tmut           0%         N/A       100%        5


Dungeon Overview and Level Annotations

Branches:
Dungeon (12/15)            Temple (1/1) D:7            Lair (1/5) D:8
    Orc: D:9-12

Altars:
Ashenzari
Cheibriados
Dithmenos
Elyvilon
Fedhas
Gozag
Hepliaklqana
Kikubaaqudgha
Makhleb
Nemelex Xobeh
Okawaru
Qazlal
Ru
Sif Muna
Trog
Uskayaw
Vehumet
Wu Jian
Xom
Yredelemnul
Zin
The Shining One

Shops:
D:9 *

Annotations:
Lair:1 Amaemon


Innate Abilities, Weirdness & Mutations

You are too large for most types of armour.
You have claws for hands.
Your natural rate of healing is unusually fast.
You are covered in fur. (AC +1)
You have tough skin. (AC +1)


Message History

Found a stone staircase leading down.
You feel sick.
You feel much better.
You feel sick.
The scorpion disappears in a puff of smoke!
The cane toad stings you.
* * * LOW HITPOINT WARNING * * *
As you read the scroll of teleportation, it crumbles to dust.
You feel strangely unstable.
You feel sick. The cane toad barely misses you.
You feel sick. The cane toad attacks as you move away!
The cane toad completely misses you.
You feel sick. The cane toad misses you.
The cane toad attacks as you move away! The cane toad stings you!
* * * LOW HITPOINT WARNING * * *
You are more poisoned.
You have difficulty breathing.
* * * LOW HITPOINT WARNING * * *
You feel as though you will be slow longer.
Your surroundings suddenly seem different.
A bullfrog comes into view.
Found 10 gold pieces.
You feel sick.
The bullfrog gives a loud, deep croak!
You feel sick.
You feel sick.
A komodo dragon comes into view.
Found a wand of polymorph (6).
You feel sick.
You feel sick.
You are no longer poisoned.
The bullfrog hits you but does no damage.
You scratch the bullfrog.
The bullfrog is moderately wounded.
The komodo dragon hisses angrily.
The bullfrog hits you.
* * * LOW HITPOINT WARNING * * *
The bullfrog closely misses you.
You closely miss the bullfrog.
The bullfrog is moderately wounded.
The bullfrog barely misses you.
You mangle the bullfrog!!
You kill the bullfrog!
The komodo dragon bites you!!
You die...

## ## ###
##.###.####..
............ ....
##......... .....
.........P##.P##
.........@.....+ .
#........l....#..
#.......#.....P..
.#................
.........#.....#.
.#....$..#.....#
...............#
.........##†P##...
................


You could see a komodo dragon.

Vanquished Creatures
  Erica (D:8)
  A two-headed ogre (D:10)
  Pikel (D:8)
  A wizard (D:9)
  An ugly thing (D:9)
  10 centaur zombies (D:10)
  Joseph (D:8)
  4 cane toads (Lair:1)
  An unseen horror (D:10)
  A rime drake (D:8)
  A hornet (D:8)
  A meliai zombie (D:10)
  Sigmund (D:3)
  12 yaks (Lair:1)
  2 wraiths (D:10)
  A wyvern (D:8)
  Grum (D:11)
  3 vampire mosquitoes (D:10)
  Edmund (D:5)
  2 acid dragons
  5 water moccasins
  An orc warrior (D:6)
  5 ice beasts
  2 sky beasts (D:6)
  A black bear (D:5)
  11 wolves
  An ogre (D:4)
  3 centaurs
  3 phantoms (D:7)
  2 kobold brigands (D:10)
  4 bullfrogs
  2 scorpions (D:5)
  2 necrophages
  13 wights
  11 killer bees
  2 howler monkeys
  A crimson imp (D:9)
  4 hounds
  3 orc priests (D:6)
  2 gnoll boudas
  5 jellies
  4 orc wizards
  Robin (D:3)
  15 gnolls
  7 adders
  5 ufetubi
  A worm (D:2)
  3 dart slugs
  19 orcs
  11 endoplasms
  2 giant cockroaches
  15 goblins
  4 hobgoblins
  5 quokkas
  6 ball pythons
  4 bats
  4 frilled lizards
  22 kobolds
  4 rats
  2 rat zombies (D:9)
264 creatures vanquished.

Vanquished Creatures (others)
  A fungus (Lair:1)
  3 plants (Lair:1)
4 creatures vanquished.

Grand Total: 268 creatures vanquished

Notes
Turn   | Place    | Note
-------+----------+-------------------------------------------
     0 | D:1      | Darius099 the Troll Monk began the quest for the Orb.
     0 | D:1      | Reached XP level 1. HP: 22/22 MP: 0/0
    87 | D:1      | Reached XP level 2. HP: 28/29 MP: 1/1
   178 | D:1      | Reached skill level 4 in Unarmed Combat
   421 | D:1      | Reached XP level 3. HP: 36/36 MP: 2/2
   816 | D:2      | Found a bloodstained altar of Trog.
  1434 | D:2      | Reached XP level 4. HP: 44/44 MP: 3/3
  1499 | D:2      | Reached skill level 5 in Unarmed Combat
  1655 | D:3      | Noticed Sigmund
  1672 | D:3      | Killed Sigmund
  1673 | D:3      | Reached skill level 6 in Unarmed Combat
  1673 | D:3      | Reached XP level 5. HP: 50/50 MP: 4/4
  1874 | D:3      | HP: 1/50 [gnoll/+0 flail (9)]
  1885 | D:3      | Reached XP level 6. HP: 14/59 MP: 5/5
  2006 | D:3      | Noticed Robin
  2020 | D:3      | Killed Robin
  2196 | D:3      | Found a faded altar of an unknown god.
  2384 | D:4      | Reached skill level 7 in Unarmed Combat
  3190 | D:5      | Entered Level 5 of the Dungeon
  3261 | D:5      | Reached skill level 8 in Unarmed Combat
  3261 | D:5      | Reached XP level 7. HP: 59/66 MP: 6/6
  3325 | D:5      | Noticed Edmund
  3340 | D:5      | Killed Edmund
  3357 | D:5      | Reached skill level 9 in Unarmed Combat
  3890 | D:6      | Reached XP level 8. HP: 50/74 MP: 7/7
  3946 | D:6      | Reached skill level 10 in Unarmed Combat
  4362 | D:6      | Reached skill level 11 in Unarmed Combat
  4707 | D:7      | Reached skill level 12 in Unarmed Combat
  4765 | D:7      | Reached XP level 9. HP: 75/80 MP: 8/8
  5061 | D:7      | Found a staircase to the Ecumenical Temple.
  5112 | D:7      | Found a white marble altar of Elyvilon.
  5153 | D:7      | Found a hazy altar of Hepliaklqana.
  5395 | Temple   | Entered the Ecumenical Temple
  5395 | Temple   | Found a transporter.
  5395 | Temple   | Found a transporter.
  5397 | Temple   | Found a transporter.
  5397 | Temple   | Found a transporter.
  5511 | D:8      | Reached skill level 13 in Unarmed Combat
  5518 | D:8      | Found a staircase to the Lair.
  5580 | D:8      | Noticed a rime drake
  5601 | D:8      | Killed a rime drake
  5622 | D:8      | Reached skill level 14 in Unarmed Combat
  5657 | D:8      | Noticed Joseph
  5672 | D:8      | Killed Joseph
  5696 | D:8      | Noticed Erica
  5719 | D:8      | Killed Erica
  5720 | D:8      | Reached XP level 10. HP: 31/88 MP: 9/9
  5975 | D:8      | Noticed Pikel
  5980 | D:8      | Killed Pikel
  5981 | D:8      | Reached skill level 15 in Unarmed Combat
  6606 | D:9      | Found Hipnoz's Assorted Antiques.
  6864 | D:9      | Found a stormy altar of Qazlal.
  6952 | D:9      | Noticed a wizard
  6956 | D:9      | Killed a wizard
  7085 | D:9      | Noticed a cyan ugly thing
  7096 | D:9      | Killed a cyan ugly thing
  7098 | D:9      | You fall into a shaft and drop 3 floors!
  7131 | D:11     | Noticed a two-headed ogre
  7133 | D:11     | Noticed Grum
  7168 | D:11     | Noticed a boulder beetle
  7175 | D:10     | Entered Level 10 of the Dungeon
  7469 | D:10     | Reached XP level 11. HP: 87/101 MP: 10/10
  7533 | D:10     | Reached skill level 5 in Fighting
  7533 | D:10     | Reached skill level 5 in Dodging
  7587 | D:10     | Found a basalt altar of Yredelemnul.
  8530 | D:9      | Found an ancient bone altar of Kikubaaqudgha.
  8668 | D:10     | Killed a two-headed ogre
  8854 | D:11     | Killed Grum
  8876 | D:11     | Noticed an orc knight
  8993 | Lair:1   | Entered Level 1 of the Lair of Beasts
  9205 | Lair:1   | Reached XP level 12. HP: 42/118 MP: 11/11
  9373 | Lair:1   | Noticed Amaemon
  9412 | Lair:1   | Slain by a komodo dragon

Illustrated notes

Levels and vault maps discovered:
D:1:      co_arrival_square_in_a_square_in_a_square, layout_basic
D:2:      wad_lake_hut, layout_basic, basic_altar
D:3:      layout_basic, hellmonk_ecumenical_altar_pennies_from_heaven,
          minmay_cupped, uniq_robin, uniq_sigmund
D:4:      layout_basic, dk_noncrumbling_2
D:5:      layout_basic, uniq_edmund
D:6:      layout_loops_corners, kennysheep_windowed_goal
D:7:      layout_basic, mainiacjoe_overflow_cross_hatched,
          nzn_hepliaklqana_mist_gate, temple_hall
D:8:      layout_gridville, hellmonk_lair_entry_icy, uniq_erica, uniq_pikel,
          uniq_joseph
D:9:      layout_irregular_city, nicolae_qazlal_scattered_showers,
          lemuel_zombie_altar_kikubaaqudgha, serial_shops,
          nicolae_shop_overgrown_old_shop, lightli_wizard_tower
D:10:     layout_irregular_city, nicolae_yredelemnul_corpse_copse
D:11:     layout_cave_pools, serial_shops, nicolae_shop_waterfront,
          minmay_liquid_box, bh_walls_and_bars, uniq_grum, uniq_psyche
D:12:     layout_roguey, david_orc_2, enter_trove_5,
          kennysheep_cross_bottleneck, minmay_st_funbox, minmay_misc_feat_square
Temple:   hellmonk_temple_divided_pantheon
Lair:1:   layout_regular_city, grunt_megastairs_5, serial_bayou_shore_b,
          uniq_amaemon, uniq_urug

Skill      XL: |  1  2  3  4  5  6  7  8  9 10 11 |
---------------+----------------------------------+-----
Unarmed Combat | 4 6 8 9 12 14 15 | 15.7
Fighting       | 4 7 |  7.8
Dodging        | 4 7 |  7.8
Stealth        | |  1.0

Action                     |  1- 3 |  4- 6 |  7- 9 | 10-12 || total
---------------------------+-------+-------+-------+-------++-------
  Melee: Unarmed           |   101 |   111 |   262 |   320 ||   794
         Punch             |     5 |     2 |    18 |    31 ||    56
    Use: Scroll            |       |    10 |     3 |     6 ||    19
         Potion            |       |     1 |       |     6 ||     7
   Stab: Sleeping          |       |     3 |     1 |     1 ||     5
 Armour: Robe              |    30 |    26 |    99 |   161 ||   316
  Dodge: Dodged            |    39 |    57 |   128 |   261 ||   485

Table legend: (Time is in decaauts)
 A = Elapsed time spent in this place.
 B = Non-inter-level travel time spent in this place.
 C = Inter-level travel time spent in this place.
 D = Time resting spent in this place.
 E = Time spent auto-exploring this place.
 F = Levels seen in this place.
 G = Mean time per level.
                   A        B        C        D        E       F      G
               +--------+--------+--------+--------+--------+-----+--------+
         Total |   9256 |   8729 |    527 |    743 |   5450 |  14 |  661.1 |
       Dungeon |   8802 |   8275 |    527 |    626 |   5379 |  12 |  733.5 |
        Temple |     59 |     59 |      0 |      0 |      6 |   1 |   59.0 |
          Lair |    393 |    393 |      0 |    117 |     65 |   1 |  393.0 |
               +--------+--------+--------+--------+--------+-----+--------+

Top non-repeatable levels by time:
    D:10: 1392 daAuts
     D:8: 1069 daAuts
     D:4: 857 daAuts
     D:6: 850 daAuts
     D:2: 822 daAuts
     D:1: 810 daAuts
     D:7: 789 daAuts
     D:9: 773 daAuts
     D:3: 678 daAuts
     D:5: 549 daAuts
  Lair:1: 393 daAuts
    D:11: 179 daAuts
  Temple: 59 daAuts
    D:12: 29 daAuts
